 Dungeon Crawl Stone Soup version 0.16-a0-4038-ge07a62f (webtiles) character file.

107 Chiseanne the Vexing (level 4, 0/30 HPs)
             Began as a Demonspawn Enchanter on Feb 19, 2015.
             Succumbed to Sigmund's poison
             ... on level 2 of the Dungeon.
             The game lasted 00:10:32 (3665 turns).

Chiseanne the Vexing (Demonspawn Enchanter)         Turns: 3665, Time: 00:10:32

Health: 0/30       AC:  4    Str:  8    XL:     4   Next: 56%
Magic:  4/18       EV: 12    Int: 17    God:
Gold:   91         SH:  0    Dex: 14    Spells: 3 memorised, 3 levels left

rFire  . . .     SeeInvis .     a - +1 dagger
rCold  . . .     Clarity  +     b - +2 robe
rNeg   . . .     SustAb   .     (no shield)
rPois  .         Gourm    .     (no helmet)
rElec  .         Spirit   +     (no cloak)
rCorr  .         Warding  .     (no gloves)
rMut   .         Stasis   .     (no boots)
MR     .....                    g - amulet of clarity
Stlth  ++........               (no ring)
                                j - ring of magical power

@: lethally poisoned (0 -> -4), very slightly contaminated, not resistant to
hostile enchantments, unstealthy
A: powered by death 1, magic shield, magic regeneration
a: no special abilities


You were on level 2 of the Dungeon.
You were not hungry.

You visited 1 branch of the dungeon, and saw 4 of its levels.

You collected 91 gold pieces.

Inventory:

Hand weapons
 a - a +1 dagger (weapon)
Armour
 b - a +2 robe (worn)
Jewellery
 g - an amulet of clarity (around neck)
 h - an uncursed ring of teleportation
 j - a ring of magical power (left hand)
Scrolls
 e - a scroll of immolation
 k - 2 scrolls of remove curse
Books
 c - a book of Maledictions

   Spells                             Type                      Level
   a - Corona                         Hexes                        1
   b - Sure Blade                     Hexes/Charms                 2
   c - Ensorcelled Hibernation        Hexes/Ice                    2
   d - Confuse                        Hexes                        3
   e - Dazzling Spray                 Conjuration/Hexes            3
   f - Enslavement                    Hexes                        4


   Skills:
 - Level 0.8 Short Blades
 - Level 1.7 Dodging
 - Level 2.6 Stealth
 * Level 3.4 Spellcasting
 * Level 4.3 Hexes


You had 3 spell levels left.
You knew the following spells:

 Your Spells              Type           Power        Failure   Level  Hunger
a - Corona                Hex            ###....      2%          1    None
b - Ensorcelled Hibernat  Hex/Ice        ##....       12%         2    ##.....
c - Dazzling Spray        Conj/Hex       ##......     21%         3    ###....


Dungeon Overview and Level Annotations

Branches:
Dungeon (4/15)
 Temple: D:4-7

Altars:
Zin

Annotations:
D:2 Sigmund


Innate Abilities, Weirdness & Mutations

You can steal the life force of nearby defeated enemies.
When hurt, damage is shared between your health and your magic reserves.
You regenerate magic rapidly.


Message History

You aren't carrying any potions.
Unknown command.
* * * LOW HITPOINT WARNING * * *
You feel sick.
* * * LOW HITPOINT WARNING * * *
You feel sick.
* * * LOW HITPOINT WARNING * * *
You feel sick.
You hear some strange, mumbled words.
Something tries to affect you, but you resist.
A goblin comes into view. It is wielding a club.
* * * LOW HITPOINT WARNING * * *
You feel sick.
The goblin shouts!
* * * LOW HITPOINT WARNING * * *
You feel sick.
You closely miss the goblin. The goblin hits you with a club.
* * * LOW HITPOINT WARNING * * *
You feel sick. The goblin misses you.
You die...

.#.>..# ####.##.## #.# #.)#....
#####.####.......# #.# #....#
............###### ##.####....#
........##..# #.......#..#
...........## #....####..#
...........#########.##.####.##
..............g.{....##..#...#
...............#########.#.#.###.
..........####..@.# #...#.....
...##.##### ####.######......###
.#.##...## #..........#.##
##.####..#########......#..#.###
.#...###.......)...####........#
.###.# ####..##########........#
.##..### #..## #............#
.##....###..# ####.####.......#
.###........####....# #.......#


There were no monsters in sight!

Vanquished Creatures
  5 adders
  2 orcs (D:3)
  7 bats
  4 giant cockroaches
  6 hobgoblins
  10 kobolds
  A quokka (D:2)
  4 giant geckos
  A giant newt (D:1)
  5 goblins
  5 jackals
  3 rats
53 creatures vanquished.

Notes
Turn   | Place    | Note
--------------------------------------------------------------
     0 | D:1      | Chiseanne, the Demonspawn Enchanter, began the quest for the Orb.
     0 | D:1      | Reached XP level 1. HP: 13/13 MP: 3/3
   365 | D:1      | Gained mutation: When hurt, damage is shared between your health and your magic reserves. [demonic ancestry]
   365 | D:1      | Reached XP level 2. HP: 17/19 MP: 1/4
   402 | D:1      | Learned a level 2 spell: Ensorcelled Hibernation
  1211 | D:2      | Gained mutation: You can steal the life force of nearby defeated enemies. [demonic ancestry]
  1211 | D:2      | Reached XP level 3. HP: 7/24 MP: 0/6
  1548 | D:2      | Noticed Sigmund
  2036 | D:3      | Found a glowing silver altar of Zin.
  2354 | D:4      | Learned a level 3 spell: Dazzling Spray
  2430 | D:4      | Reached skill level 4 in Hexes
  2861 | D:2      | Gained mutation: You regenerate magic rapidly. [demonic ancestry]
  2861 | D:2      | Reached XP level 4. HP: 30/30 MP: 1/8
  3660 | D:2      | HP: 1/30 [poisoned by Sigmund]
  3665 | D:2      | Succumbed to Sigmund's poison

Action                   |  1- 3 |  4- 6 || total
-------------------------+-------+-------++-------
Melee: Dagger            |   114 |    42 ||   156
 Cast: Corona            |    22 |    16 ||    38
       Ensorcelled Hiber |    27 |    32 ||    59
  Use: Scroll            |     7 |     1 ||     8
       Potion            |     2 |     1 ||     3
 Stab: Sleeping          |    19 |    18 ||    37
  Eat: Chunk             |     1 |     1 ||     2
       Royal jelly       |     2 |       ||     2
       Bread ration      |     1 |     1 ||     2
